 Dungeon Crawl Stone Soup version 0.28-a0-1038-g9c4cb8273d (webtiles) character file.

Game seed: 10575729554518675740

5 miscthings the Slasher (level 1, 0/18 HPs)
             Began as a Barachi Monk on Dec 8, 2021.
             Slain by a quokka (2 damage)
             ... on level 1 of the Dungeon.
             The game lasted 00:00:15 (85 turns).

miscthings the Slasher (Barachi Monk)                 Turns: 85, Time: 00:00:16

Health: 0/18       AC:  2    Str: 12    XL:     1   Next: 80%
Magic:  1/1        EV: 13    Int: 10    God:
Gold:   32         SH:  0    Dex: 14    Spells: 0/0 levels left

rFire   . . .      SeeInvis .   a - +0 falchion
rCold   . . .      Faith    .   (no shield)
rNeg    . . .      Spirit   .   b - +0 robe
rPois   .          Reflect  .   (no helmet)
rElec   .          Harm     .   (no cloak)
rCorr   .          Rampage  .   (no gloves)
Will    .....                   (no boots)
Stlth   ++........              (no amulet)
HPRegen 0.06/turn               (no ring)
MPRegen 0.07/turn               (no ring)

@: slow
A: amphibious, slowness 1, strong legs 1, +LOS
a: Hop


You were on level 1 of the Dungeon.
You visited 1 branch of the dungeon, and saw 1 of its levels.

You collected 32 gold pieces.

Inventory:

Hand Weapons
 a - a +0 falchion (weapon)
Armour
 b - a +0 robe (worn)


   Skills:
 - Level 3.6 Fighting
 + Level 4.1 Long Blades
 - Level 3.2 Dodging
 - Level 1.7 Stealth


You couldn't memorise any spells.
You didn't know any spells.
Your spell library was empty.

Dungeon Overview and Level Annotations

Branches:
Dungeon (1/15)

Altars:


Innate Abilities, Weirdness & Mutations

You are amphibious.
You cover ground slowly.
You can hop short distances.
You have an extended range of vision and can be seen from far away.


Message History

No target in view!
No target in view!
No target in view!
No target in view!
No target in view!
No target in view!
No target in view!
No target in view!
No target in view!
No target in view!
No target in view!
No target in view!
A quokka and a kobold come into view.
Found a scroll labelled BUEC ZUDAOM.
The kobold shouts!
There are monsters nearby!
The kobold hits you with a +0 dagger.
You hit the kobold but do no damage. The kobold closely misses you.
You barely miss the kobold. The kobold hits you with a +0 dagger.
You barely miss the kobold. The kobold hits you but does no damage.
You hit the kobold but do no damage. The kobold hits you but does no damage.
You closely miss the kobold. The kobold barely misses you.
You miss the kobold. The kobold hits you but does no damage.
You closely miss the kobold.
The quokka twitches its whiskers.
The kobold closely misses you.
You hit the kobold.
You kill the kobold!
You hit the quokka but do no damage. The quokka bites you.
You hit the quokka.
The quokka is heavily wounded.
The quokka completely misses you. The quokka bites you.
* * * LOW HITPOINT WARNING * * *
You closely miss the quokka.
The quokka is moderately wounded.
The quokka barely misses you.
You completely miss the quokka.
The quokka is moderately wounded.
The quokka bites you.
You die...

#### ## ..r .#
## ..#.# ##...
...#.....
#####....#####
#. .#
#..@r.........
..#.#
#..##....#...#
#.#.#
#†.###.#.#
#.#.# #(.# .# #
#.#># #..# .#
#.#.#
######..###.#.
.#.#.#
#..............
.#.#.##
#.####..###.#.#
......# #.#
#..# ?#


You could see a quokka.

Vanquished Creatures
  A bat (D:1)
  An endoplasm (D:1)
  A kobold (D:1)
  A frilled lizard (D:1)
  A rat (D:1)
5 creatures vanquished.

Notes
Turn   | Place    | Note
-------+----------+-------------------------------------------
     0 | D:1      | miscthings the Barachi Monk began the quest for the Orb.
     0 | D:1      | Reached XP level 1. HP: 18/18 MP: 1/1
    65 | D:1      | Reached skill level 4 in Long Blades
    85 | D:1      | Slain by a quokka

Illustrated notes

Levels and vault maps discovered:
D:1:      dpeg_arrival_tiny_a, layout_loops_ring, minmay_tripent

Skill      XL: |  1 |
---------------+----+-----
Long Blades    | 4 |  4.1
Fighting       | |  3.6
Dodging        | |  3.2
Stealth        | |  1.7

Action                   || total
-------------------------++-------
Melee: Falchion          ||    22
 Stab: Sleeping          ||     1
Armor: Robe              ||     7
Dodge: Dodged            ||    13

Table legend: (Time is in decaauts)
 A = Elapsed time spent in this place.
 B = Non-inter-level travel time spent in this place.
 C = Inter-level travel time spent in this place.
 D = Time resting spent in this place.
 E = Time spent auto-exploring this place.
 F = Levels seen in this place.
 G = Mean time per level.
                   A        B        C        D        E       F      G
               +--------+--------+--------+--------+--------+-----+--------+
         Total |     99 |     99 |      0 |      0 |     40 |   1 |   99.0 |
       Dungeon |     99 |     99 |      0 |      0 |     40 |   1 |   99.0 |
               +--------+--------+--------+--------+--------+-----+--------+

Top non-repeatable levels by time:
     D:1: 99 daAuts
